 Dungeon Crawl Stone Soup version 0.30-a0-187-gd9c2deaf24 (webtiles) character file.

Game seed: 4901153437875068181

130 Newt the Cutter (level 4, -2/34 (35) HPs)
             Began as a Demonspawn Gladiator on Oct 3, 2022.
             Slain by an orc
             ... wielding a +0 war axe
              (7 damage)
             ... on level 3 of the Dungeon.
             The game lasted 00:03:09 (2859 turns).

Newt the Cutter (Demonspawn Gladiator)              Turns: 2859, Time: 00:03:09

HP:   -2/34 (35)    AC:  3    Str: 15    XL:     4   Next: 90%
MP:   4/4           EV: 12    Int:  9    God:
Gold: 34            SH:  0    Dex: 16    Spells: 3/3 levels left

rFire   . . .      SeeInvis .    g - +2 short sword (flame)
rCold   . . .      Faith    .    (no shield)
rNeg    . . .      Spirit   .    b - +0 leather armour
rPois   .          Reflect  .    (helmet restricted)
rElec   .          Harm     .    (no cloak)
rCorr   .          Rampage  .    (no gloves)
Will    .....                    (no boots)
Stlth   ++........               (no amulet)
HPRegen 0.25/turn                (no ring)
MPRegen 0.09/turn                (no ring)

@: lethally poisoned (-2 -> -8), lightly drained
A: antennae 2, demonic guardian 1
a: no special abilities


You were on level 3 of the Dungeon.
You visited 1 branch of the dungeon, and saw 3 of its levels.

You collected 34 gold pieces.

Inventory:

Hand Weapons
 a - a +0 rapier
 g - a +2 short sword of flaming (weapon)
Missiles
 d - 3 throwing nets (quivered)
 l - 10 poisoned darts
Armour
 b - a +0 leather armour (worn)
 c - a +0 helmet
Wands
 m - a wand of digging (3)
Scrolls
 h - a scroll of teleportation
 j - a scroll of vulnerability {unknown}
 k - a scroll of fear {unknown}
 p - a scroll of amnesia {unknown}
 q - a scroll of blinking {unknown}
 r - a scroll of enchant armour {unknown}
Potions
 f - a potion of heal wounds
 i - a potion of invisibility
 n - a potion of resistance {unknown}


   Skills:
 + Level 3.3 Fighting
 - Level 4.0 Short Blades
 - Level 1.7 Throwing
 - Level 2.6 Dodging
 - Level 2.0 Stealth


You had 3 spell levels left.
You didn't know any spells.
Your spell library contained the following spells:

 Spells                   Type           Power      Damage    Failure   Level
 Gell's Gravitas          Tloc           0%         N/A       83%         3
 Lesser Beckoning         Tloc           0%         N/A       83%         3
 Teleport Other           Tloc           0%         N/A       83%         3


Dungeon Overview and Level Annotations

Branches:
Dungeon (3/15)

Altars:


Innate Abilities, Weirdness & Mutations

You have a pair of antennae on your head.
A weak demonic guardian rushes to your aid.


Message History

You kill the quokka!
You hit the orc. You burn the orc.
You kill the orc!
Throw: javelin
Press: ? - help, Shift-Dir - straight line, f - orc
Aim: an orc, wielding a +2 flail of draining and wearing a +0 leather armour (60% to hit)
You throw a javelin. The javelin pierces through the orc.
The orc is severely wounded.
The javelin pierces through the orc!
You kill the orc!
The javelin pierces through the orc!
You kill the orc!
The orc hits you with a +1 hand axe of venom.
You are poisoned.
Unknown command.
Unknown command.
You closely miss the orc.
The orc is severely wounded.
You feel sick.
The orc hits you with a +1 hand axe of venom.
You are more poisoned.
You barely miss the orc.
The orc is severely wounded.
You feel very sick.
You puncture the orc! You burn the orc.
You kill the orc!
You feel very sick.
You hit the orc. You burn the orc.
The orc is severely wounded.
You feel very sick. The orc misses you.
You barely miss the orc.
The orc is severely wounded.
You feel sick. The orc hits you with a +0 war axe!
* * * LOW HITPOINT WARNING * * *
You closely miss the orc.
The orc is severely wounded.
* * * LOW HITPOINT WARNING * * *
You feel sick. The orc hits you with a +0 war axe!
You die...

#.### ###.#.#. #(#..
..#.#.#.
#####.#.#######.#.#.#.
#...#)#.#.......#)#.#.
####...#.#.#.###.#.#)#.#.
........)............)...
.....#.#)#.#......<#....#
... +.#o#.#######.#....#
. ###@#...............
#...........##.###
.................'.....
#######..........##.###
#..........##.#
#..........##.#
#..........##.#
##+###.....##.#
#.....##.#


You could see an orc.

Vanquished Creatures
  4 gnolls
  2 adders
  A worm (D:2)
  A dart slug (D:3)
  7 orcs (D:3)
  4 endoplasms
  3 giant cockroaches
  3 goblins
  2 hobgoblins (D:1)
  4 jackals (D:2)
  2 kobolds (D:2)
  5 quokkas
  4 ball pythons
  7 bats
  11 frilled lizards
  A rat (D:2)
61 creatures vanquished.

Vanquished Creatures (collateral kills)
  A ball python (D:2)
1 creature vanquished.

Vanquished Creatures (others)
  7 plants (D:2)
7 creatures vanquished.

Grand Total: 69 creatures vanquished

Notes
Turn   | Place    | Note
-------+----------+-------------------------------------------
     0 | D:1      | Newt the Demonspawn Gladiator began the quest for the Orb.
     0 | D:1      | Reached XP level 1. HP: 16/16 MP: 1/1
    99 | D:1      | Reached skill level 1 in Stealth
   256 | D:1      | Gained mutation: You have a pair of small antennae on your
                  | head. [demonic ancestry]
   256 | D:1      | Reached XP level 2. HP: 22/22 MP: 2/2
   824 | D:1      | Reached skill level 3 in Short Blades
   824 | D:1      | Gained mutation: You have a pair of antennae on your head.
                  | [demonic ancestry]
   824 | D:1      | Reached XP level 3. HP: 9/27 MP: 3/3
  1600 | D:2      | Reached skill level 4 in Short Blades
  1600 | D:2      | Gained mutation: A weak demonic guardian rushes to your
                  | aid. [demonic ancestry]
  1600 | D:2      | Reached XP level 4. HP: 8/33 MP: 4/4
  2433 | D:2      | Found a faded altar of an unknown god.
  2859 | D:3      | Slain by an orc

Illustrated notes

Levels and vault maps discovered:
D:1:      saegor_arrival_simple_a, layout_loops_ring
D:2:      layout_loops_cross, chequers_ecumenical_altar_simple,
          minmay_lizard_king
D:3:      layout_basic, nicolae_yredelemnul_ghost_church,
          minmay_misc_feat_ornament, minmay_box_of_dots

Skill      XL: |  1  2  3  4 |
---------------+-------------+-----
Stealth        | 1 2 |  2.0
Short Blades   | 3 4 |  4.0
Fighting       | 3 |  3.3
Throwing       | |  1.7
Dodging        | |  2.6

Action                   |  1- 3 |  4- 6 || total
-------------------------+-------+-------++-------
Melee: Rapier            |    13 |       ||    13
       Short sword       |    64 |    92 ||   156
       Punch             |       |     1 ||     1
Throw: Throwing net      |     5 |       ||     5
       Javelin           |     1 |     1 ||     2
  Use: Scroll            |       |     2 ||     2
       Potion            |       |     1 ||     1
 Stab: Sleeping          |     1 |     3 ||     4
       Held in net/web   |     2 |       ||     2
Armor: Leather armour    |    16 |    13 ||    29
Dodge: Dodged            |    40 |    32 ||    72

Table legend: (Time is in decaauts)
 A = Elapsed time spent in this place.
 B = Non-inter-level travel time spent in this place.
 C = Inter-level travel time spent in this place.
 D = Time resting spent in this place.
 E = Time spent auto-exploring this place.
 F = Levels seen in this place.
 G = Mean time per level.
                   A        B        C        D        E       F      G
               +--------+--------+--------+--------+--------+-----+--------+
         Total |   2836 |   2665 |    171 |    914 |   1364 |   3 |  945.3 |
       Dungeon |   2836 |   2665 |    171 |    914 |   1364 |   3 |  945.3 |
               +--------+--------+--------+--------+--------+-----+--------+

Top non-repeatable levels by time:
     D:1: 1554 daAuts
     D:2: 1135 daAuts
     D:3: 146 daAuts
